 Seeded DCSS version 0.30-a0-719-gcc4359ea44 (webtiles) character file.

Game seed: 905864180322077160 (custom seed)

8273 hikkokomori the Fighter (level 11, -9/62 HPs)
             Began as a Vine Stalker Fighter on Jan 27, 2023.
             Was an Initiate of Gozag.
             Killed from afar by an acid dragon (15 damage)
             ... with a splash of acid
             ... on level 10 of the Dungeon.
             The game lasted 00:20:11 (8455 turns).

hikkokomori the Fighter (Vine Stalker Fighter)      Turns: 8455, Time: 00:20:12

Health: -9/62      AC: 12    Str: 27    XL:     11   Next: 28%
Magic:  0/12       EV:  9    Int: 11    God:    Gozag
Gold:   1296       SH:  9    Dex: 16    Spells: 10/10 levels left

rFire   . . .      SeeInvis .    B - +3 flail (vamp)
rCold   . . .      Faith    .    A - +3 buckler
rNeg    . . .      Spirit   +    G - +2 plate armour
rPois   .          Reflect  .    k - +2 helmet {Int+3}
rElec   .          Harm     .    s - +0 cloak
rCorr   .          Rampage  .    (no gloves)
Will    ++...                    p - +0 pair of boots Stlth
                                 b - amulet of the acrobat
HPRegen 1.10/turn                c - ring of willpower
MPRegen 0.13/turn                D - +6 ring of strength

@: corroded
A: fangs 3, regeneration 1, magic shield, antimagic bite, no potion heal 2
a: Renounce Religion, Potion Petition, Call Merchant, Bribe Branch


You were on level 10 of the Dungeon.
You worshipped Gozag.
Gozag was most pleased with you.
You visited 2 branches of the dungeon, and saw 11 of its levels.
You also visited: Sewer and Ossuary.

You collected 1463 gold pieces.
You paid 167 gold pieces to Gozag.

Inventory:

Hand Weapons
 l - a +1 dagger of speed
 r - a +2 dagger of venom
 v - a +1 flail of draining
 B - a +3 vampiric flail (weapon)
Missiles
 C - 4 throwing nets (quivered)
Armour
 g - a +0 troll leather armour {Pargi}
 k - a +2 helmet of intelligence (worn)
 p - a +0 pair of boots (worn)
 s - a +0 cloak (worn)
 A - a +3 buckler (worn)
 G - a +2 plate armour (worn)
Jewellery
 a - a ring of flight
 b - an amulet of the acrobat (around neck)
 c - a ring of willpower (left hand)
 D - a +6 ring of strength (right hand)
Wands
 F - a wand of polymorph (2)
Scrolls
 i - 2 scrolls of magic mapping
 j - 8 scrolls of teleportation
 o - a scroll of silence
 t - 2 scrolls of enchant weapon {unknown}
 y - a scroll of torment {unknown}
 z - 2 scrolls of brand weapon
Potions
 d - 5 potions of might
 e - 3 potions of curing
 f - a potion of mutation {unknown}
 h - a potion of flight {unknown}
 m - 2 potions of attraction {unknown}
 n - 2 potions of haste
 q - a potion of magic {unknown}
 w - a potion of berserk rage
 x - 2 potions of resistance
 E - a potion of ambrosia
 H - a potion of heal wounds {unknown}


   Skills:
 + Level 9.0 Fighting
 + Level 8.8 Maces & Flails
 + Level 5.2 Armour
 + Level 4.4 Dodging
 - Level 7.1 Stealth
 - Level 5.7 Shields


You had 10 spell levels left.
You didn't know any spells.
Your spell library contained the following spells:

 Spells                   Type           Power      Damage    Failure   Level
 Magic Dart               Conj           0%         1d3       99%         1
 Necrotise                Necr           0%         1d4       99%         1
 Sting                    Tmut/Pois      0%         1d3       99%         1
 Cigotuvi's Dreadful Rot  Necr/Pois/Air  0%         N/A       100%        2
 Poisonous Vapours        Pois/Air       0%         N/A       100%        2
 Searing Ray              Conj           0%         2d4       100%        2
 Call Canine Familiar     Summ           0%         N/A       100%        3
 Ozocubu's Armour         Ice            0%         N/A       100%        3
 Portal Projectile        Hex/Tloc       0%         N/A       100%        3
 Vampiric Draining        Necr           0%         2d6       100%        3
 Anguish                  Hex/Necr       0%         N/A       100%        4
 Dispel Undead            Necr           0%         3d6       100%        4
 Fulminant Prism          Conj/Hex       0%         3d5       100%        4
 Leda's Liquefaction      Hex/Erth       0%         N/A       100%        4
 Olgreb's Toxic Radiance  Pois           0%         N/A       100%        4
 Agony                    Necr           0%         N/A       100%        5
 Borgnjor's Vile Clutch   Necr/Erth      0%         N/A       100%        5
 Death Channel            Necr           0%         N/A       100%        6
 Enfeeble                 Hex            0%         N/A       100%        7
 Ozocubu's Refrigeration  Ice            0%         4d7       100%        7
 Animate Dead             Necr           Unusable   N/A       N/A         4

Dungeon Overview and Level Annotations

Branches:
Dungeon (10/15)            Temple (1/1) D:7            Lair (0/5) D:9
  Sewer (visited)         Ossuary (visited)
    Orc: D:9-12

Altars:
Ashenzari
Cheibriados
Dithmenos
Elyvilon
Fedhas
Gozag
Hepliaklqana
Kikubaaqudgha
Makhleb
Nemelex Xobeh
Okawaru
Qazlal
Ru
Sif Muna
Trog
Uskayaw
Vehumet
Wu Jian
Xom
Yredelemnul
Zin
The Shining One

Shops:
D:1 *

Annotations:
D:2 1 runed translucent door, Crazy Yiuf
D:4 3 runed translucent doors, hikkokomori's ghost, novice FoHu


Innate Abilities, Weirdness & Mutations

You have razor-sharp teeth.
Your natural rate of healing is unusually fast.
When hurt, damage is shared between your health and your magic reserves.
Your bite disrupts and absorbs the magic of your enemies.
Potions cannot restore your health.


Message History

The steam dragon is severely wounded.
You are engulfed in a cloud of scalding steam.
The acid dragon is engulfed in a cloud of scalding steam.
The acid dragon closely misses you. The acid dragon claws you.
The steam dragon closely misses you.
The steam dragon claws you but does no damage.
You closely miss the steam dragon.
You bite the steam dragon, but do no damage.
The steam dragon is severely wounded.
The acid dragon is engulfed in a cloud of scalding steam.
The acid dragon bites you.
The acid dragon claws you but does no damage.
You block the steam dragon's attack.
The steam dragon claws you but does no damage.
You completely miss the steam dragon.
You bite the steam dragon, but do no damage.
The steam dragon is severely wounded.
The acid dragon bites you.
* * * LOW HITPOINT WARNING * * *
The acid dragon claws you but does no damage.
You block the steam dragon's attack.
The steam dragon claws you but does no damage.
Okay, then.
Okay, then.
Unknown command.
You hit the steam dragon but do no damage.
The steam dragon is severely wounded.
The acid dragon bites you.
* * * LOW HITPOINT WARNING * * *
You block the acid dragon's attack. The steam dragon breathes steam at you.
The ball of steam hits you!
* * * LOW HITPOINT WARNING * * *
Blink to where?
Press: ? - help, Dir - move target
As you read the scroll of blinking, it crumbles to dust.
The acid dragon spits acid at you. The splash of acid hits you!
You die...
Your body crumbles into a pile of gold.

............§# .#
........§§.§####...#
.......§§§§§D....#
.......###§§D..#.#
....... ##...##.#
..... ....##.# ...
##..#..# .
#####..#.#
.......@.#
.......### #....##
.... ... ##


You could see a steam dragon (catching breath) and an acid dragon (catching
breath).

Vanquished Creatures
  A gargoyle (D:9)
  2 trolls
  2 hornets
  14 yaks
  A shadow (D:10)
  A wyvern (D:7)
  A wraith (D:9)
  A water moccasin (D:5)
  Pargi (Sewer)
  An orc warrior (D:9)
  2 black bears
  3 ice beasts (D:7)
  2 sky beasts
  4 centaurs
  3 wolves (D:9)
  2 phantoms
  4 bullfrogs
  4 gnoll sergeants
  3 kobold brigands
  Blork the orc (D:4)
  2 elf zombies (Ossuary)
  A necrophage (D:8)
  A scorpion (D:5)
  9 wights
  12 killer bees (D:8)
  An electric eel (D:9)
  A centaur zombie (Ossuary)
  A human zombie (Ossuary)
  2 orc priests
  3 hounds (D:9)
  2 jellies
  6 orc wizards
  Natasha (twice) (D:4)
  4 iguanas
  A hound zombie (Ossuary)
  3 mummies (Ossuary)
  6 adders
  21 gnolls
  3 white imps
  2 ufetubi
  2 adder zombies (Ossuary)
  2 worms
  2 dart slugs
  22 orcs
  5 ball pythons
  4 endoplasms (D:1)
  5 giant cockroaches
  8 goblins
  4 hobgoblins
  18 kobolds
  3 quokkas (D:1)
  10 bats
  4 frilled lizards
  3 gnoll zombies (Ossuary)
  4 goblin zombies (Ossuary)
  4 hobgoblin zombies (Ossuary)
  4 jackal zombies (Ossuary)
  2 kobold zombies (Ossuary)
  2 orc zombies (Ossuary)
  4 quokka zombies (Ossuary)
  2 rats
  3 rat zombies (Ossuary)
253 creatures vanquished.

Notes
Turn   | Place    | Note
-------+----------+-------------------------------------------
     0 | D:1      | hikkokomori the Vine Stalker Fighter began the quest for
                  | the Orb.
     0 | D:1      | Reached XP level 1. HP: 11/11 MP: 2/2
    17 | D:1      | Found Heeq's Assorted Antiques.
    83 | D:1      | Reached XP level 2. HP: 16/16 MP: 3/3
   154 | D:1      | Reached skill level 3 in Fighting
   650 | D:1      | Reached XP level 3. HP: 20/20 MP: 4/4
  1514 | D:2      | Found a runed translucent door.
  1515 | D:2      | Noticed Crazy Yiuf
  1658 | D:3      | Found a faded altar of an unknown god.
  1742 | D:3      | Found a glowing drain.
  1783 | D:3      | Gained mutation: Your natural rate of healing is unusually
                  | fast. [Vine Stalker growth]
  1783 | D:3      | Reached XP level 4. HP: 20/24 MP: 5/5
  1826 | D:3      | Reached skill level 4 in Fighting
  1857 | Sewer    | Entered a sewer
  1863 | Sewer    | Reached XP level 5. HP: 29/29 MP: 6/6
  1895 | Sewer    | Noticed Pargi
  1920 | Sewer    | Killed Pargi
  2041 | D:3      | Reached XP level 6. HP: 30/34 MP: 5/7
  2548 | D:4      | Noticed Blork the orc
  2557 | D:4      | Killed Blork the orc
  2558 | D:4      | Reached skill level 5 in Fighting
  2558 | D:4      | Found a runed translucent gate.
  2582 | D:4      | Reached XP level 7. HP: 28/39 MP: 4/8
  2632 | D:4      | Found a runed translucent gate.
  2633 | D:4      | Found a runed translucent gate.
  2635 | D:4      | Identified the +8 chain mail of Entitlement {rF++ rC-
                  | Str+3}
  2646 | D:4      | Noticed hikkokomori's ghost (novice FoHu)
  2673 | D:4      | Noticed Natasha
  2683 | D:4      | Killed Natasha
  2801 | D:4      | Reached skill level 5 in Maces & Flails
  2801 | D:4      | Reached skill level 1 in Stealth
  3044 | D:4      | Noticed Natasha
  3048 | D:4      | Killed Natasha
  3169 | D:5      | Entered Level 5 of the Dungeon
  3558 | D:5      | Gained mutation: You have razor-sharp teeth. [Vine Stalker
                  | growth]
  3558 | D:5      | Reached XP level 8. HP: 36/44 MP: 5/9
  3710 | D:5      | Found an ancient bone altar of Kikubaaqudgha.
  3768 | D:5      | Found an ornate altar of the Wu Jian Council.
  3768 | D:5      | Found a glowing silver altar of Zin.
  3820 | D:5      | Reached skill level 6 in Fighting
  3870 | D:6      | Noticed a hornet
  3877 | D:6      | Killed a hornet
  3887 | D:6      | Reached skill level 5 in Stealth
  3905 | D:6      | Found a sand-covered staircase.
  3910 | Ossuary  | Entered an ossuary
  3980 | Ossuary  | Reached XP level 9. HP: 49/49 MP: 10/10
  4883 | D:6      | Found a shimmering altar of Xom.
  5057 | D:7      | Reached skill level 5 in Shields
  5208 | D:7      | Reached skill level 7 in Fighting
  5287 | D:7      | Found a staircase to the Ecumenical Temple.
  5319 | D:7      | Identified the +1 scale mail "Licy" {Str+2}
  5348 | Temple   | Entered the Ecumenical Temple
  5560 | Temple   | Became a worshipper of Gozag Ym Sagoz the Greedy
  6051 | D:7      | Reached skill level 1 in Dodging
  6258 | D:8      | Reached XP level 10. HP: 30/56 MP: 5/11
  6565 | D:8      | Reached skill level 8 in Fighting
  7011 | D:9      | Found a staircase to the Lair.
  7399 | D:9      | Reached XP level 11. HP: 51/60 MP: 9/12
  7620 | D:10     | Entered Level 10 of the Dungeon
  8062 | D:9      | Reached skill level 5 in Armour
  8140 | D:9      | Reached skill level 9 in Fighting
  8455 | D:10     | Killed from afar by an acid dragon

Illustrated notes

Levels and vault maps discovered:
D:1:      dpeg_arrival_renting, layout_loops_ring, serial_shops, shop,
          nicolae_figureground_sparkle
D:2:      layout_loops_ring, grunt_ministairs_14, kennysheep_generic_room_4,
          uniq_crazy_yiuf_cottage
D:3:      layout_rooms, gup_sewer_entry_glass, shapermc_ecumenical_altar_ellora,
          nicolae_titane
D:4:      layout_basic, biasface_ghost_orc_armoury, uniq_natasha,
          uniq_blork_the_orc
D:5:      layout_basic, marbit_many_paths, gammafunk_temple_overflow_statue
D:6:      layout_cave_pods, tgw_xom, enter_ossuary_2, grunt_decor_mini_mirrors
D:7:      layout_basic, minmay_temple_entry_slanted
D:8:      layout_loops_ring
D:9:      layout_roguey, erik_lair_island, kennysheep_decorative_pillar
D:10:     layout_long_grid, serial_shops, shop, hangedman_decor_growths,
          nicolae_benzene_ring
Temple:   mainiacjoe_temple_bowtie_tessellation

Skill      XL: |  1  2  3  4  5  6  7  8  9 10 11 |
---------------+----------------------------------+-----
Maces & Flails | 2 3 4 5 6 7 8 |  8.8
Fighting       | 3 4 5 6 7 8 9 |  9.0
Stealth        | 3 5 7 |  7.1
Shields        | 3 4 5 |  5.7
Dodging        | 1 3 4 |  4.4
Armour         | 3 4 5 |  5.2

Action                     |  1- 3 |  4- 6 |  7- 9 | 10-12 || total
---------------------------+-------+-------+-------+-------++-------
  Melee: Flail             |    81 |   121 |   330 |   261 ||   793
         Bite              |    10 |    27 |   112 |    90 ||   239
  Evoke: Wand              |       |       |     5 |       ||     5
    Use: Scroll            |       |     8 |     3 |    10 ||    21
         Potion            |       |     3 |     1 |       ||     4
   Stab: Sleeping          |       |       |     5 |     2 ||     7
         Distracted        |       |       |     2 |       ||     2
 Armour: Scale mail        |    42 |    58 |       |       ||   100
         Troll leather arm |       |    34 |   106 |    67 ||   207
         Plate armour      |       |       |       |    40 ||    40
  Dodge: Dodged            |    45 |    90 |   162 |   132 ||   429
  Block: Buckler           |    26 |    49 |   124 |   142 ||   341

Table legend: (Time is in decaauts)
 A = Elapsed time spent in this place.
 B = Non-inter-level travel time spent in this place.
 C = Inter-level travel time spent in this place.
 D = Time resting spent in this place.
 E = Time spent auto-exploring this place.
 F = Levels seen in this place.
 G = Mean time per level.
                   A        B        C        D        E       F      G
               +--------+--------+--------+--------+--------+-----+--------+
         Total |   8571 |   8069 |    502 |    167 |   5807 |  13 |  659.3 |
       Dungeon |   7929 |   7452 |    477 |    167 |   5462 |  10 |  792.9 |
        Temple |    230 |    205 |     25 |      0 |    185 |   1 |  230.0 |
         Sewer |    109 |    109 |      0 |      0 |     14 |   1 |  109.0 |
       Ossuary |    302 |    302 |      0 |      0 |    146 |   1 |  302.0 |
               +--------+--------+--------+--------+--------+-----+--------+

Top non-repeatable levels by time:
     D:9: 1071 daAuts
     D:7: 959 daAuts
     D:1: 945 daAuts
     D:6: 938 daAuts
     D:8: 866 daAuts
     D:2: 739 daAuts
     D:3: 714 daAuts
     D:4: 704 daAuts
     D:5: 692 daAuts
 Ossuary: 302 daAuts
    D:10: 298 daAuts
  Temple: 230 daAuts
   Sewer: 109 daAuts
